 Dungeon Crawl Stone Soup version 0.29.0-15-g675c0067aa (webtiles) character file.

Game seed: 18258228361260924166

95 qw the Chopper (level 4, -2/28 HPs)
             Began as a Gargoyle Fighter on Sept 12, 2022.
             Slain by an orc priest
             ... wielding a +0 short sword
              (3 damage)
             ... on level 3 of the Dungeon.
             The game lasted 00:00:42 (2719 turns).

qw the Chopper (Gargoyle Fighter)                   Turns: 2719, Time: 00:00:42

Health: -2/28      AC: 16    Str: 22    XL:     4   Next: 65%
Magic:  4/4        EV:  6    Int:  8    God:
Gold:   115        SH:  4    Dex:  9    Spells: 3/3 levels left

rFire   . . .      SeeInvis .   Y - +0 war axe
rCold   . . .      Faith    .   c - +0 buckler
rNeg    + . .      Spirit   .   k - +0 plate armour
rPois   inf        Reflect  .   (no helmet)
rElec   +          Harm     .   (no cloak)
rCorr   .          Rampage  .   (no gloves)
Will    .....                   j - +0 pair of boots
Stlth   ..........              (no amulet)
HPRegen 0.09/turn               (no ring)
MPRegen 0.09/turn               (no ring)

@: no status effects
A: sickness immunity, AC +3, negative energy resistance 1, electricity
resistance, torment resistance 1, petrification resistance
a: no special abilities


You were on level 3 of the Dungeon.
You visited 1 branch of the dungeon, and saw 3 of its levels.

You collected 115 gold pieces.


Innate Abilities, Weirdness & Mutations

You are immune to sickness and miasma.
Your stone body is resilient. (AC +3)
You are immune to poison.
You resist negative energy. (rN+)
You are resistant to electric shocks. (rElec)
You are resistant to unholy torment.
You are immune to petrification.


   Skills:
 - Level 3.2 Fighting
 + Level 4.3 Axes
 - Level 3.2 Armour
 - Level 3.2 Shields


You had 3 spell levels left.
You didn't know any spells.
Your spell library was empty.

Inventory:

Hand Weapons
 i - a +3 whip
 Y - a +0 war axe (weapon)
Armour
 c - a +0 buckler (worn)
 j - a +0 pair of boots (worn)
 k - a +0 plate armour (worn)
Scrolls
 f - 2 scrolls of identify
Potions
 d - a potion of might
 e - a potion of brilliance {unknown}
 g - 3 potions of curing {unknown}
 h - a potion of flight {unknown}

Dungeon Overview and Level Annotations

Branches:
Dungeon (3/15)

Altars:
Sif Muna
Xom

Shops:
D:1 (!


Message History

The orc priest hits you but does no damage.
The orc priest invokes the aid of Beogh against you.
Beogh smites you! You block the orc's attack.
You closely miss the orc priest.
The orc priest is severely wounded.
You closely miss the orc. The orc priest barely misses you.
The orc hits you but does no damage.
You barely miss the orc priest.
The orc priest is severely wounded.
You barely miss the orc. The orc hits you but does no damage.
You block the orc priest's attack. The orc barely misses you.
The orc priest calls down the wrath of Beogh upon you.
You barely resist. You barely miss the orc priest.
The orc priest is severely wounded.
You barely miss the orc.
The orc priest looks satisfied for a moment.
The orc priest hits you but does no damage.
You block the orc's attack.
You slash the orc priest!
You kill the orc priest!
You closely miss the orc. The orc hits you but does no damage.
Your Axes skill increases to level 4!
You slash the orc!
You kill the orc!
The orc priest hits you but does no damage.
You barely miss the orc priest.
The orc priest hits you but does no damage.
You closely miss the orc priest.
The orc priest looks braver for a moment.
You hit the orc priest.
The orc priest is lightly wounded.
The orc priest hits you with a +0 short sword.
The orc priest hits you but does no damage.
You hit the orc priest.
The orc priest is moderately wounded.
The orc priest hits you with a +0 short sword.
You die...

#.###.###.#####. ..# #.#
#....... #### #.# ########
#.# #.# #.# ######### #.#
#### #......o)# #.# #...
##.######@# #.# ####.##
####......##.#####.# ##......
.......#.........#.###...#.##
._.###....##.###.........#.##
...#......##.# #.....#...#...
#.##.#.......# ##...#########
.....#....#### ##.##
#.####....# #.# ........###
#.#


You could see an orc priest.

Vanquished Creatures
  An orc priest (D:3)
  3 adders (D:2)
  A worm (D:2)
  2 orcs (D:3)
  3 endoplasms
  2 giant cockroaches
  4 hobgoblins
  A quokka (D:2)
  4 ball pythons
  2 bats
  2 frilled lizards
  3 goblins
  5 kobolds
  2 rats
35 creatures vanquished.

Notes
Turn   | Place    | Note
-------+----------+-------------------------------------------
     0 | D:1      | qw the Gargoyle Fighter began the quest for the Orb.
     0 | D:1      | Reached XP level 1. HP: 14/14 MP: 1/1
     0 | D:1      | 0 ||| qw: Version: 0.1-a-119-g272c26d
     0 | D:1      | 0 ||| qw: Game counter: 10764
     0 | D:1      | 0 ||| qw: Always use a shield: true
     0 | D:1      | 0 ||| qw: God list: Okawaru
     0 | D:1      | 0 ||| qw: Allow faded altars: false
     0 | D:1      | 0 ||| qw: Do Orc after D:15 true
     0 | D:1      | 0 ||| qw: Do second Lair branch before Depths: true
     0 | D:1      | 0 ||| qw: Lair rune preference: random
     0 | D:1      | 0 ||| qw: Plans: Normal, Zot, God:TSO, Crypt, Tomb, Pan,
                  | Slime, Hells, Zig, Abyss, Orb
     0 | D:1      | 0 ||| PLANNING D:1-11
   229 | D:1      | Found Zafaomm's Weapon Boutique.
   232 | D:1      | 232 ||| SHOPLISTING +0 club (14 gold, have 0).
   232 | D:1      | 232 ||| SHOPLISTING +0 mace (42 gold, have 0).
   232 | D:1      | 232 ||| SHOPLISTING +9 hand axe of Dissolution {spect,
                  | rElec rF- Dex+6} (1009 gold, have 0).
   232 | D:1      | 232 ||| SHOPLISTING +9 hand axe of Success {elec, rPois rN+
                  | Str+2} (1009 gold, have 0).
   376 | D:1      | Found Oniu's Distillery.
   384 | D:1      | 384 ||| SHOPLISTING potion of attraction (39 gold, have
                  | 14).
   384 | D:1      | 384 ||| SHOPLISTING potion of lignification (39 gold, have
                  | 14).
   384 | D:1      | 384 ||| SHOPLISTING potion of might (52 gold, have 14).
   384 | D:1      | 384 ||| SHOPLISTING potion of mutation (104 gold, have 14).
   447 | D:1      | Found a faded altar of an unknown god.
   489 | D:1      | Reached skill level 2 in Axes
   904 | D:1      | Reached XP level 2. HP: 19/19 MP: 2/2
   997 | D:1      | 997 ||| UPGRADING to +0 pair of boots.
  1002 | D:1      | 1002 ||| READING 2 scrolls labelled XOATSAGEENUY.
  1007 | D:1      | 1007 ||| READING 2 scrolls labelled YROETO LUNNA.
  1008 | D:1      | 1008 ||| READING scroll labelled GYASIT IBITIBB.
  1009 | D:1      | 1009 ||| READING scroll labelled FOYX ACRAEREV.
  1170 | D:2      | 1170 ||| Stepping ~*~*~tactically~*~*~ (stealth).
  1187 | D:2      | Reached skill level 3 in Axes
  1241 | D:2      | 1241 ||| Stepping ~*~*~tactically~*~*~ (stealth).
  1242 | D:2      | 1242 ||| Stepping ~*~*~tactically~*~*~ (stealth).
  1247 | D:2      | Reached XP level 3. HP: 23/23 MP: 3/3
  1445 | D:2      | 1445 ||| DROPPING +0 club.
  1472 | D:2      | 1472 ||| Stepping ~*~*~tactically~*~*~ (stealth).
  1657 | D:2      | 1657 ||| DROPPING +0 whip.
  1949 | D:2      | 1949 ||| UPGRADING to +0 plate armour.
  1959 | D:2      | 1959 ||| DROPPING +0 scale mail.
  1960 | D:2      | 1960 ||| READING scroll labelled UXIPRA XAEMACY.
  1961 | D:2      | 1961 ||| READING scroll labelled UWATYE JUZ CYR.
  2125 | D:3      | 2125 ||| Stepping ~*~*~tactically~*~*~ (hiding).
  2144 | D:3      | 2144 ||| FLEEEEING.
  2145 | D:3      | 2145 ||| FLEEEEING.
  2146 | D:3      | 2146 ||| FLEEEEING.
  2147 | D:3      | 2147 ||| FLEEEEING.
  2148 | D:3      | 2148 ||| FLEEEEING.
  2150 | D:3      | 2150 ||| FLEEEEING.
  2151 | D:3      | 2151 ||| FLEEEEING.
  2152 | D:3      | 2152 ||| FLEEEEING.
  2153 | D:3      | 2153 ||| FLEEEEING.
  2154 | D:3      | 2154 ||| FLEEEEING.
  2157 | D:3      | HP: 3/23 [orc wizard/puff of flame (8)]
  2158 | D:3      | 2158 ||| READING scroll of teleportation.
  2465 | D:3      | Reached XP level 4. HP: 28/28 MP: 4/4
  2686 | D:3      | 2686 ||| DROPPING +1 mace of venom.
  2687 | D:3      | Found a shimmering altar of Xom.
  2689 | D:3      | Found a shimmering blue altar of Sif Muna.
  2704 | D:3      | 2704 ||| Stepping ~*~*~tactically~*~*~ (hiding).
  2710 | D:3      | HP: 3/28 [orc priest/divine providence (13)]
  2715 | D:3      | Reached skill level 4 in Axes
  2718 | D:3      | HP: 1/28 [orc priest/+0 short sword (3)]
  2719 | D:3      | Slain by an orc priest

Levels and vault maps discovered:
D:1:      mushboom_english_gardens, layout_loops_corners,
          dreamdust_ecumenical_altar_hidden_monk_grotto, serial_shops,
          nicolae_square_shop, nicolae_shop_behind_doors
D:2:      layout_basic
D:3:      layout_loops_corners, mainiacjoe_overflow_large_starburst,
          minmay_pentomino_pile

Skill      XL: |  1  2  3  4 |
---------------+-------------+-----
Axes           | 2 3 4 |  4.3
Fighting       | |  3.2
Armour         | |  3.2
Shields        | |  3.2

Action                   |  1- 3 |  4- 6 || total
-------------------------+-------+-------++-------
Melee: War axe           |   103 |    22 ||   125
  Use: Scroll            |     7 |       ||     7
Armor: Scale mail        |    37 |       ||    37
       Plate armour      |    14 |    21 ||    35
Dodge: Dodged            |    43 |     7 ||    50
Block: Buckler           |    16 |     7 ||    23

Table legend:
 A = Non-vault XP
 B = Vault XP
 C = Vault XP percentage of total XP
 D = Non-vault monster count
 E = Vault monster count
 F = Vault count percentage of total count
                 A         B        C        D         E       F
            +---------+---------+-------+---------+---------+-------
      Total |     134 |       2 |   1.5 |      34 |       1 |   2.9
            +---------+---------+-------+---------+---------+-------
        D:1 |      10 |       0 |   0.0 |       8 |       0 |   0.0
        D:2 |      66 |       0 |   0.0 |      18 |       0 |   0.0
        D:3 |      58 |       2 |   3.3 |       8 |       1 |  11.1
            +---------+---------+-------+---------+---------+-------
